[Event "January 9 Late 2024"]
[Site "https://www.chess.com"]
[Date "2024.01.09"]
[Round "11"]
[White "Sarana, Alexey"]
[Black "Dominguez Perez, Leinier"]
[Result "1-0"]
[Board "5"]
[TimeControl "180+1"]
[WhiteFideId "24133795"]
[BlackFideId "3503240"]
[WhiteElo "3053"]
[BlackElo "3009"]
[WhiteTeam "SRB"]
[BlackTeam "USA"]
[WhiteClock "0:00:18"]
[BlackClock "0:00:00"]

1. d4 d5 2. c4 dxc4 3. Nf3 Nf6 4. e3 e6 5. Bxc4 a6 6. O-O c5 7. Nc3 b5 8. Bb3 Bb7 9. e4 cxd4 10. Nxd4 Nc6 11. Nxc6 Qxd1 12. Rxd1 Bxc6 13. f3 Bc5+ 14. Kf1 Ke7 15. e5 Nd7 16. Bg5+ Ke8 17. Rac1 h6 18. Bd2 Ke7 19. Bc2 Rhc8 20. Ne4 Bd5 21. Nxc5 Nxc5 22. b3 Ke8 23. Ba5 Rc6 24. Bb1 Rac8 25. Ke2 Nd7 26. Rxc6 Rxc6 27. f4 g6 28. g4 Kf8 29. h4 Kg7 30. h5 gxh5 31. gxh5 f5 32. Rg1+ Kh7 33. Ke3 Rc8 34. Bb4 Rg8 35. Rxg8 Kxg8 36. Bd3 Bc6 37. Be2 Kf7 38. Kd4 Ke8 39. Ba5 Ke7 40. Bc7 Ke8 41. Bd1 Bd5 42. Be2 Be4 43. Kc3 Nc5 44. Bb6 Nb7 45. a4 Bc6 46. Kb4 bxa4 47. bxa4 Kd7 48. Bxa6 Bf3 49. Bb5+ Kc8 50. a5 1-0

[Event "January 9 Late 2024"]
[Site "https://www.chess.com"]
[Date "2024.01.09"]
[Round "11"]
[White "Iturrizaga Bonelli, Eduardo"]
[Black "Salem, A.R. Saleh"]
[Result "1-0"]
[Board "6"]
[TimeControl "180+1"]
[WhiteFideId "3901211"]
[BlackFideId "9301348"]
[WhiteElo "3047"]
[BlackElo "2987"]
[WhiteTeam "ESP"]
[BlackTeam "UAE"]
[WhiteClock "0:00:10"]
[BlackClock "0:00:00"]

1. c4 c5 2. Nf3 Nf6 3. Nc3 d5 4. cxd5 Nxd5 5. Qb3 e6 6. g3 Be7 7. Bg2 O-O 8. O-O Nc6 9. Rd1 b6 10. d4 Nxc3 11. bxc3 Na5 12. Qc2 Bb7 13. dxc5 Qc8 14. cxb6 axb6 15. h4 h6 16. Bf4 Nc4 17. a4 Bf6 18. Qb3 Bd5 19. Qb4 Re8 20. Nd2 Be7 21. Qb1 Nxd2 22. Bxd2 Bc5 23. Bxd5 exd5 24. e3 Qg4 25. Qd3 Re5 26. Kg2 Rxa4 27. Rdc1 Qc4 28. Qxc4 Rxc4 29. Ra8+ Kh7 30. Rca1 Re7 31. R1a7 Rxa7 32. Rxa7 Kg6 33. Rd7 Kf6 34. Rxd5 Ke6 35. Rd3 h5 36. Kf3 f5 37. Rd8 Ra4 38. Re8+ Kf7 39. Rd8 Ke6 40. Ke2 Ra2 41. Kd3 Ra1 42. Rh8 g6 43. Rg8 Kf7 44. Rb8 Ra2 45. Rd8 Ke6 46. Re8+ Kf7 47. Rc8 Ra3 48. f3 Ra1 49. e4 Rg1 50. Bf4 Rf1 51. exf5 gxf5 52. Rc7+ Ke6 53. Rc6+ Ke7 54. Rh6 Rxf3+ 55. Ke2 Rxc3 56. Rxh5 Ke6 57. Rh6+ Kd5 58. Rf6 Bd4 59. Rxf5+ Ke4 60. Rf8 Rc2+ 61. Kf1 b5 62. Bg5 Rh2 63. Rf4+ Kd3 64. Rf3+ Ke4 65. Rb3 Rf2+ 66. Ke1 Rg2 67. Bf4 Rg1+ 68. Ke2 Rg2+ 69. Kd1 Rg1+ 70. Ke2 Rg2+ 71. Kf1 Rb2 72. Rxb2 Bxb2 73. Ke2 Bf6 74. h5 b4 75. Kd2 b3 76. Kc1 Kf5 77. Kb1 Kg4 78. h6 Kf5 79. Bc1 Kg6 80. g4 Be5 81. g5 Bd4 82. Bb2 Be3 83. Bf6 Bf4 84. Kb2 Be3 85. Kxb3 Bf4 86. Kc4 Be3 87. Kd5 Bd2 88. Ke6 Bc1 89. Ke7 Ba3+ 90. Ke8 Bb4 91. Be7 Bc3 92. Kf8 Bd2 93. Kg8 Bc3 94. h7 Bg7 95. Bf6 Bh8 96. Bxh8 Kxg5 97. Bg7 Kf5 98. h8=Q 1-0

[Event "January 9 Late 2024"]
[Site "https://www.chess.com"]
[Date "2024.01.09"]
[Round "11"]
[White "Aravindh, Chithambaram VR."]
[Black "Caruana, Fabiano"]
[Result "0-1"]
[Board "7"]
[TimeControl "180+1"]
[WhiteFideId "5072786"]
[BlackFideId "2020009"]
[WhiteElo "2952"]
[BlackElo "3029"]
[WhiteTeam "IND"]
[BlackTeam "USA"]
[WhiteClock "0:00:00"]
[BlackClock "0:00:04"]

1. d4 Nf6 2. Nf3 d6 3. e3 g6 4. c4 Bg7 5. Be2 O-O 6. O-O c6 7. Nc3 Nbd7 8. b3 Re8 9. Ba3 Qa5 10. Qc1 Qc7 11. Rd1 b6 12. e4 Bb7 13. d5 Nc5 14. Qc2 a5 15. Nd4 Nfd7 16. Rd2 Rad8 17. Bf1 Ne5 18. dxc6 Nxc6 19. Nxc6 Bxc6 20. f3 e6 21. Rad1 Qe7 22. Bb2 h5 23. Ne2 Bxb2 24. Qxb2 e5 25. Nc3 h4 26. Rf2 Ne6 27. Qd2 Kg7 28. Qe3 Rb8 29. Rfd2 Red8 30. Re1 Qf6 31. Red1 Nf4 32. Ne2 g5 33. g3 Ng6 34. Bh3 b5 35. cxb5 Bxb5 36. Nc3 Bc6 37. Bg4 Ne7 38. Rd3 Bb5 39. R3d2 Bc6 40. Rd3 Rb4 41. Qd2 Be8 42. Rxd6 Rd4 43. Qxd4 exd4 44. Rxf6 dxc3 45. Rc1 Kxf6 46. Rxc3 Rd2 47. a4 Nc6 48. f4 gxf4 49. gxf4 Nd4 50. Rc5 Bc6 51. e5+ Ke7 52. h3 Bf3 53. Rxa5 Bxg4 54. hxg4 Nf3+ 55. Kf1 h3 0-1

[Event "January 9 Late 2024"]
[Site "https://www.chess.com"]
[Date "2024.01.09"]
[Round "11"]
[White "Deac, Bogdan-Daniel"]
[Black "Remizov, Yaroslav"]
[Result "1-0"]
[Board "8"]
[TimeControl "180+1"]
[WhiteFideId "1226380"]
[BlackFideId "34134015"]
[WhiteElo "3011"]
[BlackElo "2869"]
[WhiteTeam "ROU"]
[BlackTeam "RUS"]
[WhiteClock "0:00:07"]
[BlackClock "0:00:06"]

1. d4 d5 2. Nf3 Nf6 3. Bf4 c5 4. e3 Nc6 5. c3 Qb6 6. Qc2 g6 7. Nbd2 Bf5 8. dxc5 Qxc5 9. Qb3 Qb6 10. Qxb6 axb6 11. Nd4 Bd7 12. Bc7 Nxd4 13. exd4 b5 14. Be5 Bg7 15. Nb3 O-O 16. Nc5 Bc6 17. Nd3 Ne4 18. Bxg7 Kxg7 19. f3 Nd6 20. Nb4 Nc4 21. O-O-O e6 22. Bd3 Bd7 23. g4 Na5 24. a3 h6 25. h4 Nc4 26. Rde1 Nd6 27. Reg1 f6 28. Re1 Rh8 29. Nxd5 Rae8 30. Nf4 e5 31. dxe5 fxe5 32. Nxg6 e4 33. fxe4 Kxg6 34. e5+ Kf7 35. exd6 Re6 36. Rhf1+ Kg7 37. Rxe6 Bxe6 38. Bf5 Bxf5 39. Rxf5 Rd8 40. Rxb5 Rxd6 41. Rxb7+ Kf6 42. Rb4 Ke5 43. g5 h5 44. Rd4 Ra6 45. a4 Kf5 46. b3 Ke5 47. Kb2 Rb6 48. b4 Rb7 49. a5 Rb8 50. Kb3 Kf5 51. a6 Ke5 52. Ka4 Rb6 53. b5 Rc6 54. bxc6 1-0

[Event "January 9 Late 2024"]
[Site "https://www.chess.com"]
[Date "2024.01.09"]
[Round "11"]
[White "Naroditsky, Daniel"]
[Black "Svane, Rasmus"]
[Result "1/2-1/2"]
[Board "9"]
[TimeControl "180+1"]
[WhiteFideId "2026961"]
[BlackFideId "4657101"]
[WhiteElo "3140"]
[BlackElo "3001"]
[WhiteTeam "USA"]
[BlackTeam "GER"]
[WhiteClock "0:00:04"]
[BlackClock "0:00:04"]

1. d4 d5 2. Nc3 Nf6 3. Bf4 c5 4. Nf3 Bg4 5. dxc5 e6 6. Ne5 Bxc5 7. Nxg4 Nxg4 8. e3 Nf6 9. Bd3 Bd6 10. Bxd6 Qxd6 11. O-O O-O 12. e4 Nc6 13. exd5 exd5 14. Re1 Rfe8 15. Qf3 Ne5 16. Qg3 Nh5 17. Qh3 Nf6 18. Bf1 Qb6 19. Na4 Qd4 20. Nc3 Qb6 21. Na4 Qd4 22. Nc3 Qb4 23. Qg3 Nc6 24. Rxe8+ Rxe8 25. Rb1 d4 26. Ne2 Qd2 27. Qd3 Qxd3 28. cxd3 Nd7 29. Rc1 g6 30. a3 a5 31. Nf4 Re5 32. h4 h6 33. g3 Nc5 34. Rd1 g5 35. hxg5 hxg5 36. Nh5 Kh7 37. g4 Kg6 38. Ng3 Ne6 39. Bg2 Rb5 40. Be4+ Kf6 41. Rd2 Nf4 42. Bxc6 bxc6 43. Ne4+ Kg6 44. f3 Rb3 45. Nc5 Rb5 46. Rc2 f5 47. Kf1 fxg4 48. fxg4 Kf6 49. Ne4+ Ke7 50. Nf2 Kd7 51. Rd2 Ke6 52. Rc2 Kd5 53. Ke1 Rb8 54. Kd2 Rh8 55. Ne4 Rh2+ 56. Kd1 Rh1+ 57. Kd2 Rh2+ 58. Kd1 Rh1+ 59. Kd2 Rh2+ 1/2-1/2

[Event "January 9 Late 2024"]
[Site "https://www.chess.com"]
[Date "2024.01.09"]
[Round "11"]
[White "Yoo, Christopher Woojin"]
[Black "Bluebaum, Matthias"]
[Result "1-0"]
[Board "10"]
[TimeControl "180+1"]
[WhiteFideId "30909694"]
[BlackFideId "24651516"]
[WhiteElo "2984"]
[BlackElo "3078"]
[WhiteTeam "USA"]
[BlackTeam "GER"]
[WhiteClock "0:00:03"]
[BlackClock "0:00:02"]

1. e4 e6 2. d3 d5 3. Nd2 Nf6 4. Ngf3 Be7 5. g3 a5 6. a4 Nc6 7. Bg2 dxe4 8. dxe4 e5 9. O-O O-O 10. Qe2 b6 11. Nc4 Ba6 12. c3 Bc5 13. b3 Qe7 14. Ne1 Rad8 15. Nd3 Nd7 16. Nxc5 Nxc5 17. Ba3 Nb8 18. b4 Bxc4 19. Qxc4 Nb7 20. bxa5 Nd6 21. axb6 cxb6 22. Rfd1 Qf6 23. Qb4 Nc8 24. Qb5 Rfe8 25. Rd5 Na7 26. Qb3 h5 27. Rad1 h4 28. Rd6 Rxd6 29. Rxd6 Qg5 30. Bh3 Nbc6 31. Kg2 Qh5 32. Rd7 Nc8 33. Rc7 N6e7 34. Qb5 f6 35. Qd7 Kh8 36. Bg4 Qg6 37. Bf3 hxg3 38. hxg3 Kg8 39. Qe6+ Kf8 40. Bg4 Qxe4+ 41. Bf3 Qd3 42. Bd5 Nd6 43. Qg8+ Nxg8 44. Rf7# 1-0

[Event "January 9 Late 2024"]
[Site "https://www.chess.com"]
[Date "2024.01.09"]
[Round "11"]
[White "Schroeder, Jan-Christian"]
[Black "Pranav, V"]
[Result "0-1"]
[Board "11"]
[TimeControl "180+1"]
[WhiteFideId "24662259"]
[BlackFideId "25060783"]
[WhiteElo "2868"]
[BlackElo "3046"]
[WhiteTeam "GER"]
[BlackTeam "IND"]
[WhiteClock "0:00:06"]
[BlackClock "0:00:03"]

1. e4 e5 2. Nf3 Nc6 3. Bc4 Nf6 4. d3 h6 5. c3 d6 6. a4 g6 7. Nbd2 Bg7 8. Nf1 O-O 9. Ng3 Be6 10. Bxe6 fxe6 11. O-O Kh7 12. b4 a6 13. Be3 Ne7 14. h3 g5 15. Bxg5 hxg5 16. Nxg5+ Kg8 17. Nxe6 Qd7 18. Qb3 Kh7 19. f4 exf4 20. Rxf4 Bh6 21. Rf3 d5 22. Nxf8+ Rxf8 23. Raf1 Qd6 24. exd5 Rg8 25. Ne4 Nxe4 26. dxe4 Qg6 27. R1f2 Qxe4 28. Rf7+ Kh8 29. Qd1 Qe5 30. Qd3 Ng6 31. R2f6 Qe1+ 32. Kh2 Qe5+ 33. g3 Qg5 34. Qd4 Bg7 35. Rf5 Qxf5 36. Qxg7+ Rxg7 37. Rxf5 Re7 38. h4 Kg7 39. h5 Re5 40. Rxe5 Nxe5 41. Kh3 Nc4 42. g4 Ne3 43. d6 cxd6 44. g5 Nd5 45. Kg4 Nxc3 46. Kf5 d5 47. Ke5 Nxa4 48. Kxd5 Nc3+ 49. Kc5 Na2 50. b5 a5 51. Kc4 b6 52. Kd3 Nb4+ 53. Kc4 Nc2 54. Kd3 Na3 55. Kd4 Nxb5+ 56. Kd5 Nc3+ 57. Kc6 Ne4 0-1

[Event "January 9 Late 2024"]
[Site "https://www.chess.com"]
[Date "2024.01.09"]
[Round "11"]
[White "Van Foreest, Jorden"]
[Black "Troff, Kayden"]
[Result "1-0"]
[Board "12"]
[TimeControl "180+1"]
[WhiteFideId "1039784"]
[BlackFideId "2047896"]
[WhiteElo "3042"]
[BlackElo "2850"]
[WhiteTeam "NED"]
[BlackTeam "USA"]
[WhiteClock "0:00:05"]
[BlackClock "0:00:00"]

1. c4 Nf6 2. Nc3 g6 3. e4 e5 4. Nf3 Nc6 5. d4 exd4 6. Nxd4 Nxd4 7. Qxd4 Bg7 8. e5 Ng8 9. Be2 d6 10. O-O Bxe5 11. Qe3 Ne7 12. f4 Bg7 13. Nd5 c6 14. Nxe7 Qxe7 15. Qf2 O-O 16. Bd3 Qf6 17. f5 Bxf5 18. Bxf5 Qxf5 19. Qxf5 gxf5 20. Rxf5 Rfe8 21. Kf1 Re4 22. Rf4 Rae8 23. Kf2 Re2+ 24. Kf3 Re1 25. Rg4 f5 26. Rg5 Rf1+ 27. Kg3 Ree1 28. Bd2 Rxa1 29. Bc3 Rad1 30. Rxg7+ Kf8 31. Rxb7 Rd3+ 32. Kh4 Rf2 33. Kg5 Rxg2+ 34. Kxf5 Rf3+ 35. Ke4 Rh3 36. Rxa7 Re2+ 37. Kf4 Rexh2 38. a4 Rf2+ 39. Ke4 Rh4+ 40. Ke3 Rf7 41. Ra8+ Ke7 42. c5 d5 43. a5 Re4+ 44. Kd2 Rf2+ 45. Kd3 Rf3+ 46. Kc2 d4 47. Bd2 Re2 48. Ra7+ Ke6 49. Ra8 Kd5 50. Rd8+ Kc4 51. a6 Rff2 52. b3+ Kb5 53. Rxd4 1-0

[Event "January 9 Late 2024"]
[Site "https://www.chess.com"]
[Date "2024.01.09"]
[Round "11"]
[White "Andreikin, Dmitry"]
[Black "Mikaelyan, Arman"]
[Result "1-0"]
[Board "13"]
[TimeControl "180+1"]
[WhiteFideId "4158814"]
[BlackFideId "13304852"]
[WhiteElo "3090"]
[BlackElo "2845"]
[WhiteTeam "FID"]
[BlackTeam "ARM"]
[WhiteClock "0:00:46"]
[BlackClock "0:00:19"]

1. e4 e5 2. f4 exf4 3. Nf3 Nf6 4. e5 Nh5 5. d4 d6 6. Bc4 dxe5 7. Bxf7+ Kxf7 8. Nxe5+ Kg8 9. Qxh5 Be6 10. Nc3 Qxd4 11. Nf3 Qb6 12. Bxf4 Qxb2 13. Qe5 Bf7 14. Rb1 Qxc2 15. O-O Nc6 16. Qxc7 Qxc3 17. Rxb7 Bc5+ 18. Kh1 Qc4 19. Rc1 Bb6 20. Rxb6 Qxc1+ 21. Bxc1 axb6 22. Qxc6 Re8 23. Bb2 h6 24. h3 Re6 25. Qc3 Rh7 26. Ne5 g5 27. Ng4 1-0

[Event "January 9 Late 2024"]
[Site "https://www.chess.com"]
[Date "2024.01.09"]
[Round "11"]
[White "Bryakin, Mikhail"]
[Black "Theodorou, Nikolas"]
[Result "1-0"]
[Board "14"]
[TimeControl "180+1"]
[WhiteFideId "4165314"]
[BlackFideId "4262875"]
[WhiteElo "2841"]
[BlackElo "3026"]
[WhiteTeam "SRB"]
[BlackTeam "GRE"]
[WhiteClock "0:00:05"]
[BlackClock "0:00:00"]

1. c4 b6 2. e4 Bb7 3. Nc3 d6 4. d4 Nd7 5. Nf3 e5 6. d5 g6 7. Bd3 Ngf6 8. O-O Bg7 9. Bc2 O-O 10. h3 a5 11. b3 Nh5 12. Be3 Bc8 13. Ne1 Nf4 14. Nd3 Nc5 15. Nxc5 bxc5 16. Kh2 Bd7 17. Ne2 Qh4 18. Ng1 Qe7 19. Qd2 f5 20. exf5 Bxf5 21. Rae1 Bxc2 22. Qxc2 a4 23. Ne2 axb3 24. axb3 Nxe2 25. Rxe2 Qh4 26. f3 e4 27. g3 Qe7 28. Bf4 g5 29. Rxe4 Qf6 30. Bd2 Qg6 31. Kg2 Be5 32. Rf2 Ra1 33. Bc3 Bxc3 34. Qxc3 Rd1 35. Qe3 Ra8 36. h4 h6 37. hxg5 hxg5 38. Rg4 1-0

[Event "January 9 Late 2024"]
[Site "https://www.chess.com"]
[Date "2024.01.09"]
[Round "11"]
[White "Velikanov, Alexander"]
[Black "Xiong, Jeffery"]
[Result "0-1"]
[Board "15"]
[TimeControl "180+1"]
[WhiteFideId "2039290"]
[BlackFideId "2047640"]
[WhiteElo "2816"]
[BlackElo "3019"]
[WhiteTeam "USA"]
[BlackTeam "USA"]
[WhiteClock "0:00:10"]
[BlackClock "0:00:30"]

1. e4 c5 2. c3 e6 3. d4 cxd4 4. cxd4 d5 5. exd5 exd5 6. Nf3 Nc6 7. Bb5 Bg4 8. O-O Bd6 9. Nc3 Ne7 10. h3 Bh5 11. Bxc6+ bxc6 12. g4 Bg6 13. Ne5 f6 14. Nd3 O-O 15. Nf4 Bf7 16. Re1 Qd7 17. Qf3 Rae8 18. Bd2 h6 19. Rac1 f5 20. Nd3 fxg4 21. Qxg4 Nf5 22. Ne5 Bxe5 23. Rxe5 Rxe5 24. dxe5 Be6 25. Na4 Qe8 26. Nc5 Bc8 27. e6 Rf6 28. Re1 Rg6 29. Kh2 Rxg4 30. hxg4 Nd4 31. Kg3 Nxe6 32. f4 Qf7 33. Nd3 Qc7 34. Re5 g5 35. Kf3 gxf4 36. Bxf4 Nxf4 37. Kxf4 c5 38. b3 c4 39. bxc4 dxc4 40. Nc5 c3 41. Ke4 c2 0-1

[Event "January 9 Late 2024"]
[Site "https://www.chess.com"]
[Date "2024.01.09"]
[Round "11"]
[White "Krzyzanowski, Marcin"]
[Black "Paravyan, David"]
[Result "0-1"]
[Board "16"]
[TimeControl "180+1"]
[WhiteFideId "1132199"]
[BlackFideId "4194985"]
[WhiteElo "2798"]
[BlackElo "3006"]
[WhiteTeam "POL"]
[BlackTeam "FID"]
[WhiteClock "0:00:34"]
[BlackClock "0:01:43"]

1. e4 e5 2. Nf3 Nf6 3. d4 Nxe4 4. Bd3 d5 5. Nxe5 Nd7 6. Nxd7 Bxd7 7. Nc3 Qh4 8. Be3 Nxc3 9. bxc3 Bd6 10. h3 O-O-O 11. Qf3 Kb8 12. Rb1 b6 13. Qxd5 Rhe8 14. Ba6 Rxe3+ 15. Kf1 Qe4 16. Qb3 Bc6 17. Rg1 Re8 18. fxe3 Qxe3 19. Qxf7 Bg3 0-1

[Event "January 9 Late 2024"]
[Site "https://www.chess.com"]
[Date "2024.01.09"]
[Round "11"]
[White "Martinez Alcantara, Jose Eduardo"]
[Black "Badmatsyrenov, Oleg"]
[Result "1-0"]
[Board "17"]
[TimeControl "180+1"]
[WhiteFideId "3805662"]
[BlackFideId "24115762"]
[WhiteElo "3001"]
[BlackElo "2810"]
[WhiteTeam "PER"]
[BlackTeam "FID"]
[WhiteClock "0:02:03"]
[BlackClock "0:00:08"]

1. a3 g6 2. h3 Bg7 3. c3 Nf6 4. d4 O-O 5. Bf4 d6 6. Nf3 b6 7. Bh2 Bb7 8. e3 Nbd7 9. Be2 Ne4 10. O-O a5 11. Nbd2 Nxd2 12. Nxd2 e5 13. Bf3 Qc8 14. a4 Re8 15. Rc1 h5 16. Nb1 h4 17. Na3 Bf6 18. Nb5 Kg7 19. Bg4 Qd8 20. Bf3 Bxf3 21. Qxf3 e4 22. Qe2 Nf8 23. Qc4 Ne6 24. Qc6 Rc8 25. b4 Ng5 26. Bf4 Ne6 27. Bh2 Ng5 28. bxa5 bxa5 29. c4 Qe7 30. Kh1 Qe6 31. Nxc7 Rxc7 32. Qxc7 Be7 33. c5 Nxh3 34. cxd6 Bf6 35. d7 Rd8 36. Rc6 Qf5 37. Rxf6 Qxf6 38. Be5 1-0

[Event "January 9 Late 2024"]
[Site "https://www.chess.com"]
[Date "2024.01.09"]
[Round "11"]
[White "Chigaev, Maksim"]
[Black "Tristan, Leonardo"]
[Result "1-0"]
[Board "18"]
[TimeControl "180+1"]
[WhiteFideId "4108116"]
[BlackFideId "113816"]
[WhiteElo "2987"]
[BlackElo "2769"]
[WhiteTeam "ESP"]
[BlackTeam "ARG"]
[WhiteClock "0:01:07"]
[BlackClock "0:00:00"]

1. c4 e6 2. g3 d5 3. Bg2 Nf6 4. Nf3 Be7 5. O-O O-O 6. b3 a5 7. Nc3 c6 8. d4 b6 9. Qd3 Ba6 10. e4 Nbd7 11. Rd1 Rc8 12. e5 Ne8 13. a4 Nc7 14. h4 dxc4 15. bxc4 Nd5 16. Ne4 Nb4 17. Qb3 h6 18. Bf4 f5 19. exf6 Nxf6 20. Ne5 Nxe4 21. Bxe4 Rxf4 22. gxf4 Bxh4 23. Qh3 Qf6 24. Ng6 Bxf2+ 25. Kxf2 Bxc4 26. Qh4 Qxh4+ 27. Nxh4 Rd8 28. Nf3 Rf8 29. Kg3 Bd5 30. Re1 Rf6 31. Ne5 1-0

[Event "January 9 Late 2024"]
[Site "https://www.chess.com"]
[Date "2024.01.09"]
[Round "11"]
[White "Zhigalko, Sergei"]
[Black "Nagare Kaivalya Sandip"]
[Result "1-0"]
[Board "19"]
[TimeControl "180+1"]
[WhiteFideId "13502956"]
[BlackFideId "25957929"]
[WhiteElo "2944"]
[BlackElo "2760"]
[WhiteTeam "BLR"]
[BlackTeam "IND"]
[WhiteClock "0:00:04"]
[BlackClock "0:00:12"]

1. e4 e5 2. Nf3 Nc6 3. Bc4 Nf6 4. d3 Be7 5. O-O O-O 6. c3 d6 7. Nbd2 Na5 8. Bb5 a6 9. Ba4 b5 10. Bc2 c5 11. Re1 Qc7 12. h3 Nc6 13. Nf1 Re8 14. Bg5 Be6 15. Ne3 h6 16. Bh4 Nh7 17. Bb3 Qd7 18. Nd5 Bxh4 19. Nxh4 Rad8 20. Qf3 Ne7 21. Ne3 d5 22. Qg3 f6 23. exd5 Nxd5 24. Nxd5 Bxd5 25. Bxd5+ Qxd5 26. Nf5 Ng5 27. h4 Ne6 28. Qg6 Kh8 29. Re3 Qd7 30. g3 c4 31. dxc4 bxc4 32. Qg4 Nc5 33. Qxc4 Nd3 34. Qe4 Nxb2 35. h5 Nd1 36. Rf3 Qd2 37. Qg4 Rg8 38. Ne7 Nxc3 39. Ng6+ Kh7 40. Qf5 Ne2+ 41. Kg2 Rge8 42. Nxe5+ Kg8 43. Ng4 Nd4 44. Nxf6+ gxf6 45. Qg6+ Kh8 46. Qxf6+ Kh7 47. Qg6+ Kh8 48. Rf7 1-0

[Event "January 9 Late 2024"]
[Site "https://www.chess.com"]
[Date "2024.01.09"]
[Round "11"]
[White "Tarhan, Adar"]
[Black "Sanal, Vahap"]
[Result "0-1"]
[Board "20"]
[TimeControl "180+1"]
[WhiteFideId "34544712"]
[BlackFideId "6300545"]
[WhiteElo "2723"]
[BlackElo "2926"]
[WhiteTeam "TUR"]
[BlackTeam "TUR"]
[WhiteClock "0:00:02"]
[BlackClock "0:01:46"]

1. Nf3 c5 2. g3 Nc6 3. Bg2 Nf6 4. O-O g6 5. c4 Bg7 6. Nc3 O-O 7. b3 d5 8. Bb2 d4 9. Na4 Qd6 10. e3 e5 11. exd4 exd4 12. Re1 b6 13. d3 Bd7 14. Bc1 Rfe8 15. Bf4 Qf8 16. Qd2 Nh5 17. Ng5 Rad8 18. Bd5 Nxf4 19. Qxf4 Ne5 20. Qh4 h6 21. Rxe5 Rxe5 22. Nxf7 Rxd5 23. Nxd8 Rh5 24. Qe4 Qxd8 25. Qxg6 Be8 26. Qe6+ Bf7 27. Qg4 Rg5 28. Qf3 Bh5 29. Qg2 Qf6 30. Re1 Bf3 31. Qh3 Re5 32. Qc8+ Kh7 33. Re2 0-1

[Event "January 9 Late 2024"]
[Site "https://www.chess.com"]
[Date "2024.01.09"]
[Round "11"]
[White "Ibarra Jerez, Jose Carlos"]
[Black "Yuan, Qingyu"]
[Result "0-1"]
[Board "21"]
[TimeControl "180+1"]
[WhiteFideId "2226332"]
[BlackFideId "8609772"]
[WhiteElo "2926"]
[BlackElo "2754"]
[WhiteTeam "ESP"]
[BlackTeam "CHN"]
[WhiteClock "0:00:02"]
[BlackClock "0:00:08"]

1. e4 c6 2. d4 d5 3. Nc3 dxe4 4. Nxe4 Nf6 5. Nxf6+ exf6 6. c3 Bd6 7. Bd3 O-O 8. Qc2 Re8+ 9. Ne2 h5 10. O-O h4 11. Nf4 Qc7 12. g3 Nd7 13. Qd1 Nf8 14. Qh5 Qd7 15. Bc4 Re7 16. Bd2 hxg3 17. hxg3 Qg4 18. Rfe1 Qxh5 19. Nxh5 Be6 20. Bb3 Rae8 21. Nf4 Bf5 22. Rxe7 Rxe7 23. Bc4 g6 24. f3 Ne6 25. Ne2 Ng5 26. Kf2 Kg7 27. g4 Be6 28. Bd3 Bd7 29. Rh1 b5 30. Ng3 Re8 31. f4 Ne6 32. Kf3 c5 33. d5 Nc7 34. Ne4 Bf8 35. d6 Nd5 36. c4 bxc4 37. Bxc4 Bc6 38. f5 Rxe4 39. Bh6+ Kg8 40. Kxe4 Nb6+ 41. Kd3 Bxh1 42. Bxf8 Kxf8 43. fxg6 fxg6 44. Be6 Bc6 45. Kc3 Kg7 46. b4 cxb4+ 47. Kxb4 Bd7 48. Bxd7 Nxd7 49. Kb5 Kf7 50. Ka6 Ke6 51. Kxa7 Kxd6 52. Kb7 f5 53. gxf5 gxf5 54. a4 Nc5+ 0-1

[Event "January 9 Late 2024"]
[Site "https://www.chess.com"]
[Date "2024.01.09"]
[Round "11"]
[White "Niedbala, Bartlomiej"]
[Black "Santos Latasa, Jaime"]
[Result "0-1"]
[Board "22"]
[TimeControl "180+1"]
[WhiteFideId "21834008"]
[BlackFideId "2293307"]
[WhiteElo "2712"]
[BlackElo "2887"]
[WhiteTeam "POL"]
[BlackTeam "ESP"]
[WhiteClock "0:00:00"]
[BlackClock "0:00:10"]

1. e4 c5 2. Nf3 Nc6 3. d4 cxd4 4. Nxd4 Nf6 5. Nc3 h5 6. Bc4 e6 7. O-O Qc7 8. Nxc6 bxc6 9. h3 d5 10. Bd3 Bc5 11. Qe2 Qe5 12. Kh1 Ng4 13. f4 Qd4 14. Nd1 Be7 15. c3 Qb6 16. Ne3 Nf6 17. e5 Nd7 18. b4 a5 19. b5 Nc5 20. Rb1 Nxd3 21. Qxd3 cxb5 22. f5 Qc6 23. fxe6 Bxe6 24. Rxb5 Rd8 25. Nc2 d4 26. Nxd4 Bc4 27. Qf5 Rxd4 28. cxd4 Qxb5 29. Qc8+ Bd8 30. Rg1 O-O 31. Qf5 Be6 32. Qxh5 Qd3 33. Rd1 Qe4 34. Qf3 Qxf3 35. gxf3 Bxa2 36. d5 a4 37. Ba3 Re8 38. f4 Bb3 39. Rc1 g5 40. d6 Be6 41. Kh2 gxf4 42. Rg1+ Kh7 43. Bc1 f6 44. Bxf4 a3 45. Rg2 a2 46. Rg1 Rg8 0-1

[Event "January 9 Late 2024"]
[Site "https://www.chess.com"]
[Date "2024.01.09"]
[Round "11"]
[White "Goryachkina, Aleksandra"]
[Black "Maksimovic, Bojan"]
[Result "0-1"]
[Board "23"]
[TimeControl "180+1"]
[WhiteFideId "4147103"]
[BlackFideId "14408120"]
[WhiteElo "2672"]
[BlackElo "2860"]
[WhiteTeam "FID"]
[BlackTeam "BIH"]
[WhiteClock "0:00:11"]
[BlackClock "0:00:20"]

1. e4 a6 2. d4 e6 3. Bd3 d5 4. e5 c5 5. c3 Bd7 6. Ne2 cxd4 7. cxd4 Bb5 8. O-O Nc6 9. Nbc3 Bxd3 10. Qxd3 Nge7 11. Bd2 Nf5 12. g4 Nh4 13. f4 h5 14. h3 hxg4 15. hxg4 f5 16. Ng3 fxg4 17. f5 Nf3+ 18. Rxf3 gxf3 19. fxe6 Ne7 20. Bg5 Qb6 21. Rf1 Qxe6 22. Qxf3 O-O-O 23. Nf5 Nxf5 24. Qxf5 Qxf5 25. Rxf5 Rh5 26. Nxd5 Rxg5+ 27. Rxg5 Rxd5 0-1

[Event "January 9 Late 2024"]
[Site "https://www.chess.com"]
[Date "2024.01.09"]
[Round "11"]
[White "Pichot, Alan"]
[Black "Martins, Vinicius Tine"]
[Result "1/2-1/2"]
[Board "24"]
[TimeControl "180+1"]
[WhiteFideId "110973"]
[BlackFideId "2112884"]
[WhiteElo "2846"]
[BlackElo "2545"]
[WhiteTeam "ESP"]
[BlackTeam "BRA"]
[WhiteClock "0:00:07"]
[BlackClock "0:00:04"]

1. Nf3 d6 2. d4 Nf6 3. b3 c5 4. d5 g6 5. c4 Bg7 6. Bb2 O-O 7. Nbd2 Re8 8. g3 b5 9. Bg2 bxc4 10. Nxc4 Nbd7 11. O-O a5 12. a4 Nb6 13. Nfd2 Nxc4 14. Nxc4 Ba6 15. Bc3 Bxc4 16. bxc4 Nd7 17. Bxg7 Kxg7 18. Rb1 Rb8 19. Rb5 Rxb5 20. axb5 Nb6 21. Qa1+ Kg8 22. Qxa5 Nxc4 23. Qc3 Nb6 24. Ra1 Qc7 25. Ra6 Ra8 26. Qa5 Rb8 27. Ra7 Qd8 28. e4 c4 29. Bf1 Rc8 30. Qc3 Nd7 31. Kg2 Nf6 32. Bxc4 Nxe4 33. Qd4 Nc5 34. Be2 Ra8 35. b6 Rxa7 36. bxa7 Qa5 37. h4 h5 38. g4 hxg4 39. Qxg4 Qxa7 40. h5 Qa4 41. Qg5 Qe4+ 42. Bf3 Qf5 43. Qxe7 Qe5 44. Qxe5 dxe5 45. hxg6 fxg6 46. d6 Kf7 47. Bd5+ Ke8 48. Bc6+ Kf7 49. Bd5+ Ke8 50. Kg3 Kd7 51. Bf7 g5 52. Kg4 Kxd6 53. Kxg5 Ne4+ 54. Kg4 Nxf2+ 55. Kf5 Nd3 56. Bc4 Nc5 57. Bb5 Nb3 58. Bc4 Nd4+ 59. Ke4 Nc6 60. Bb5 Ne7 61. Bc4 Ng6 62. Bf7 Nf4 63. Bb3 Ne2 64. Bc4 Ng3+ 65. Ke3 Kc5 66. Be6 Kd6 67. Bc4 Ke7 68. Kf3 Nf5 69. Ke4 Kf6 70. Ba2 Ng3+ 71. Kf3 Nf5 72. Ke4 Nd6+ 73. Kd5 Ne8 74. Ke4 Nd6+ 75. Kd5 Nf5 76. Ke4 1/2-1/2

[Event "January 9 Late 2024"]
[Site "https://www.chess.com"]
[Date "2024.01.09"]
[Round "11"]
[White "Bellahcene, Bilel"]
[Black "Grischuk, Alexander"]
[Result "0-1"]
[Board "25"]
[TimeControl "180+1"]
[WhiteFideId "696358"]
[BlackFideId "4126025"]
[WhiteElo "2632"]
[BlackElo "3037"]
[WhiteTeam "ALG"]
[BlackTeam "RUS"]
[WhiteClock "0:00:32"]
[BlackClock "0:01:00"]

1. e4 c5 2. Nf3 d6 3. d4 cxd4 4. Nxd4 Nf6 5. Nc3 a6 6. Bg5 e6 7. Qf3 h6 8. Be3 Qc7 9. O-O-O Nbd7 10. Qg3 b5 11. a3 Rb8 12. Bxb5 axb5 13. Ndxb5 Qb7 14. f3 Ne5 15. Rxd6 Nc4 16. Nc7+ Qxc7 17. Rxe6+ Kd8 18. Bf4 Qb7 19. Rd1+ Bd7 0-1